Unix NetHack Version 5.0.0-0 post-release - last build May 10 2026 23:12:36 (d1fa5d53e341ca933230fdaa984d921c805b60aa,branch:main).

Game began 2026-05-12 17:40:51, ended 2026-05-12 17:52:07.

DaveT, lawful male human Priest

                             $            ------------
                                          |..........|
                           $              |..........|
                                          +........<.| $
                            $             --.---------
                   /                        ##
                                             #                    $
                                             ###@
                 $                             -q-
                              *               (...|
             ?                              |.....|
                                    *       |d....|                 $
                    $                       |.....+
            *                      ?        ......|
                                  (         |.....|       $
                                            -------
                           *
                                          $

DaveT the Acolyte            St:12 Dx:11 Co:15 In:13 Wi:17 Ch:10  Lawful
Dlvl:7  $:292 HP:0(32) Pw:41(41) AC:1  Xp:4 T:1565  Satiated

Latest messages:
 C - 10 blessed crossbow bolts.
 You see here a blessed emerald potion.
 You have a little trouble lifting a blessed emerald potion.  Continue? [ynq] (q) y
 You have a little trouble lifting D - a blessed emerald potion.
 Your movements are slowed slightly because of your load.
 What do you want to drink? [dqwxBD or ?*] D
 You detect the presence of objects.
 (For instructions type a '?')
 Done.
 Your movements are now unencumbered.
 You find a hidden door.
 The door opens.
 KABOOM!!  The door was booby-trapped!
 You stagger...
 The rothe hits!
 The rothe misses!
 The rothe misses!
 The rothe misses!
 The rothe bites!
 The rothe misses!
 The rothe hits!
 The rothe bites!
 The rothe misses!
 You hit the rothe!
 The rothe misses!
 The rothe bites!
 The rothe bites again!
 You miss the rothe.
 You feel a bit steadier now.
 You miss the rothe.
 The rothe hits!
 The rothe bites!
 The rothe misses!
 Are you sure you want to pray? [yn] (n) y
 You begin praying to Athena.
 You are surrounded by a shimmering light.
 The rothe starts to attack you, but pulls back.
 The rothe starts to attack you, but pulls back.
 You finish your prayer.
 You feel that Athena is well-pleased.
 You miss the rothe.
 The rothe hits!
 The rothe bites!
 The rothe misses!
 You hit the rothe!
 The rothe hits!
 The rothe bites!
 You die...
 Do you want your possessions identified? [ynq] (y) y
 Do you want to see your attributes? [ynq] (y) q

Inventory:
 Coins    ('$')
  $ - 292 gold pieces
 Weapons  (')')
  C - 10 blessed +1 crossbow bolts
  s - a blessed +2 orcish dagger
  a - a blessed +1 mace (weapon in right hand)
 Armor    ('[')
  t - a +0 orcish helm (being worn)
  p - a +0 pair of speed boots (being worn)
  c - a +0 small shield (being worn)
  b - a +0 robe (being worn)
  j - a +0 scale mail (being worn)
 Comestibles  ('%')
  e - a clove of garlic
  o - 4 food rations
  r - a lembas wafer
  f - a sprig of wolfsbane
 Scrolls  ('?')
  y - a scroll of destroy armor
 Spellbooks  ('+')
  g - a spellbook of healing
 Potions  ('!')
  q - a potion of healing
  w - a potion of object detection
  B - a potion of paralysis
  x - a cursed potion of polymorph
  d - 4 potions of holy water
 Wands    ('/')
  m - a wand of digging (0:6)
  l - a wand of digging (0:3)
  i - a wand of fire (0:3)

DaveT the Priest's attributes:

Background:
 You were an Acolyte, a level 4 human Priest.
 You were lawful, on a mission for Athena
 who was opposed by Hermes (neutral) and Poseidon (chaotic).
 You were right-handed.
 You were in the Dungeons of Doom, on level 7.
 You entered the dungeon 1565 turns ago.
 You had 153 experience points, 7 more were needed to attain level 5.

Basics:
 You had 0 out of 32 hit points.
 You had all 41 energy points (spell power).
 Your armor class was 1.
 Your wallet contained 292 zorkmids.
 Autopickup was off.

Final Characteristics:
 Your strength was 12 (limit:18/100).
 Your dexterity was 11 (limit:18).
 Your constitution was 15 (limit:18).
 Your intelligence was 13 (limit:18).
 Your wisdom was 17 (limit:18).
 Your charisma was 10 (limit:18).

Final Status:
 You were satiated.
 You were unencumbered.
 You were wielding a mace.
 You had basic skill with mace.

Final Attributes:
 You were devoutly aligned.
 You were guarded.
 Your spell casting was impaired by metallic armor, mitigated by your robe.
 You were very fast.
 You are dead.

Miscellaneous:
 You didn't encounter any bones levels.
 Total elapsed playing time was 11 minutes and 15 seconds.

Major events:
 Turn
    1: DaveT the lawful human Priest entered the dungeon
  559: entered the Gnomish Mines
 1076: attained the rank of Acolyte (level 3)
 1565: killed by a rothe

Spells:
 Name                 Level Category     Fail Retention
 healing                1   healing       52%  76%-100%
 detect monsters        1   divination    69%  76%-100%

Skills:
 Fighting Skills
   bare handed combat [Unskilled]
 Weapon Skills
   club               [Unskilled]
   mace               [Basic]
   morning star       [Unskilled]
   flail              [Unskilled]
   hammer             [Unskilled]
   quarterstaff       [Unskilled]
   polearms           [Unskilled]
   spear              [Unskilled]
   trident            [Unskilled]
   lance              [Unskilled]
   bow                [Unskilled]
   sling              [Unskilled]
   crossbow           [Unskilled]
   dart               [Unskilled]
   shuriken           [Unskilled]
   boomerang          [Unskilled]
   unicorn horn       [Unskilled]
 Spellcasting Skills
   healing spells     [Unskilled]
   divination spells  [Unskilled]
   clerical spells    [Basic]

Voluntary challenges:
 Character rerolling was not enabled.
 You never genocided any monsters.
 You never polymorphed an object.
 You never changed form.
 You used no wishes.
Achievements:
 You entered a shop.
 You entered the Gnomish Mines.
 You attained the rank of Acolyte.

 The Dungeons of Doom: levels 1 to 7
    Level 1:
       A fountain.
    Level 2: "vault"
       A general store, a fountain.
    Level 3: "vault door in E"
       A general store.
       Stairs down to The Gnomish Mines.
    Level 4:
       A fountain.
    Level 5: "vault door in E"
    Level 6:
       A fountain.
    Level 7: <- You were here.
       Final resting place for
          you, killed by a rothe.
 The Gnomish Mines:
    Level 4:


Vanquished creatures:
  a rock piercer
  a shrieker
 an elf zombie
  a little dog
  5 hill orcs
  a rothe
  a dwarf zombie
  a wererat
 an iguana
  a gnome zombie
  a gecko
  4 jackals
  2 goblins
  2 grid bugs
  2 lichens
  a kobold zombie
  4 newts
30 creatures vanquished.

No species were genocided or became extinct.

Game over:
                       ----------
                      /          \
                     /    REST    \
                    /      IN      \
                   /     PEACE      \
                  /                  \
                  |      DaveT       |
                  |      292 Au      |
                  |   killed by a    |
                  |      rothe       |
                  |                  |
                  |                  |
                  |       2026       |
                 *|     *  *  *      | *
        _________)/\\_//(\/(/\)/\//\/|_)_______

Goodbye DaveT the Priest...

You died in The Dungeons of Doom on dungeon level 7 with 1225 points,
and 292 pieces of gold, after 1565 moves.
You were level 4 with a maximum of 32 hit points when you died.

